Map: New Bed of Chaos LE

Players

Spaßmarine

  • Race: Terran Terran
  • Spawn Location: 11:00

Cherry

  • Race: Protoss Protoss
  • Spawn Location: 12:00

Iceberg - Winner!

  • Race: Protoss Protoss
  • Spawn Location: 6:00

Wlodziu - Winner!

  • Race: Zerg Zerg
  • Spawn Location: 5:00

VOD

Have the link to the VOD?

Description

Time

  • Played on: Feb. 1, 2026, 12:47 p.m.
  • Length: 12:22
Show
View Real Time Build Order
Export as new Build Order

Spaßmarine Terran 

Build Orders:  

Get SALT Encoding   

  12  0:00  SCV  
  13  0:12  SCV  
  14  0:18  Supply Depot  
  14  0:32  SCV  
  15  0:41  Barracks  
  15  0:44  SCV  
  15  0:45  Refinery  
  16  0:56  SCV  
  17  1:01  Barracks  
  17  1:08  SCV  
  18  1:12  Refinery  
  18  1:20  SCV  
  19  1:33  Supply Depot  
  19  1:34  SCV  
  19  1:35  Barracks Reactor  
  20  1:46  SCV  
  21  1:53  Factory  
  21  1:56  Marine  
  21  2:01  SCV  
  23  2:11  Marine  
  23  2:13  Marine, SCV  
  26  2:17  Barracks Tech Lab  
  26  2:29  Marine  
  27  2:31  Marine, Supply Depot  
  28  2:41  Starport  
  28  2:45  Factory Reactor  
  28  2:48  Marine  
  29  2:52  Marine  
  29  2:54  Marine  
  31  3:03  Stimpack  
  31  3:14  Marine x3  
  34  3:33  Supply Depot  
  34  3:35  Medivac x2  
  34  3:36  Marine  
  39  3:49  Orbital Command  
  39  3:53  Factory Tech Lab  
  39  3:54  Marine x2  
  41  4:13  Supply Depot, Marine x2  
  41  4:14  Marine  
  44  4:24  Medivac  
  46  4:32  Supply Depot  
  46  4:33  Marine  
  46  4:34  Medivac  
  46  4:35  Marine  
  50  4:43  Combat Shield  
  50  4:55  Marine x3  
  50  4:59  Siege Tank  
  51  5:36  Marine x3  
  50  5:54  Marine  
  49  6:12  Siege Tank, Marine  
  49  6:13  Marine, Marauder  
  49  6:14  Concussive Shells  
  56  6:27  Command Center  
  52  6:50  Marine x3  
  50  7:05  Siege Tank  
  50  7:07  Marine  
  50  7:08  Marine x2  
  56  7:18  SCV  
  57  7:24  Engineering Bay  
  57  7:25  Marine x3  
  57  7:26  Engineering Bay  
  60  7:39  Siege Tank  
  60  7:41  Medivac x2  
  67  7:48  Barracks  
  67  7:51  Barracks  
  67  7:52  Supply Depot  
  67  7:53  Supply Depot  
  67  7:54  Supply Depot  
  67  7:55  Terran Infantry Armor Level 1  
  67  7:58  Terran Infantry Weapons Level 1  
  67  8:12  Marauder, Marine x2  
  71  8:28  Supply Depot  
  71  8:33  Orbital Command  
  71  8:49  Barracks Tech Lab, Barracks Reactor  
  71  8:51  Marine x2, Marauder  
  71  8:55  Supply Depot  
  75  8:57  Siege Tank, Supply Depot  
  75  8:58  Medivac  
  80  9:15  SCV x2  
  82  9:20  Marine x2, Marauder  
  86  9:38  SCV  
  86  9:43  Command Center  
  86  9:45  Marauder  
  89  9:58  Armory  
  89  10:02  Medivac x2  
  89  10:05  Marauder  
  89  10:07  Marine x2  
  97  10:14  SCV  
  97  10:15  SCV  
  99  10:24  Supply Depot, Siege Tank  
  99  10:25  Marine  
  99  10:26  Marine x2, Marauder  
  107  10:28  Marine  
  108  10:55  Marauder x2, Marine x3  
  108  10:56  Marine  
  116  11:09  Refinery, Orbital Command  
  116  11:10  Refinery  
  116  11:11  SCV x2  
  76  11:43  Marine x2  
  76  11:44  Marine x2, Marauder x2  
  76  11:46  Siege Tank  
  64  12:01  Marine x2  
  64  12:02  Marine x2  
Show
View Real Time Build Order
Export as new Build Order

Cherry Protoss 

Build Orders:  

Get SALT Encoding   

  12  0:01  Probe  
  13  0:14  Probe  
  14  0:18  Pylon  
  14  0:26  Probe  
  15  0:38  Probe  
  16  0:43  Gateway  
  16  0:50  Probe  
  17  0:58  Assimilator  
  17  1:02  Probe  
  18  1:08  Pylon  
  18  1:14  Probe  
  18  1:15  Assimilator  
  19  1:26  Probe  
  20  1:34  Cybernetics Core  
  20  1:38  Probe  
  20  1:39  Gateway  
  21  1:50  Probe  
  22  2:00  Warp Gate  
  22  2:03  Probe  
  23  2:09  Gateway  
  23  2:15  Probe, Gateway  
  24  2:22  Pylon  
  24  2:27  Pylon  
  25  2:34  Stalker  
  26  2:53  Stalker  
  27  3:30  Stalker  
  27  3:31  Stalker  
  27  3:32  Stalker  
  33  3:46  Nexus  
  33  3:59  Stalker x2, Twilight Council  
  37  4:41  Pylon  
  37  4:43  Pylon  
  37  4:45  Pylon  
  37  4:48  Pylon  
  37  4:52  Stalker  
  37  4:53  Stalker x2  
  43  5:01  Forge  
  43  5:07  Probe  
  43  5:13  Assimilator  
  44  5:19  Probe  
  45  5:43  Blink  
  45  5:46  Stalker  
  45  5:47  Stalker x2  
  51  5:50  Probe  
  52  6:02  Probe  
  53  6:14  Probe  
  34  6:46  Probe  
  29  6:51  Stalker x2  
  29  6:52  Stalker x2  
  37  6:59  Probe  
  38  7:11  Probe  
  38  7:14  Stargate  
  39  7:17  Stargate  
  39  7:20  Probe  
  40  7:23  Probe  
  41  7:30  Assimilator  
  41  7:32  Probe  
  41  7:35  Probe  
  43  7:44  Probe  
  43  7:47  Probe  
  45  7:52  Shield Battery  
  45  7:54  Shield Battery  
  45  7:56  Shield Battery, Probe  
  46  7:59  Probe  
  46  8:04  Void Ray  
  55  8:06  Void Ray  
  55  8:08  Probe  
  55  8:11  Probe  
  57  8:23  Probe  
  58  8:34  Cybernetics Core  
  58  8:35  Probe  
  58  8:36  Fleet Beacon  
  59  8:47  Probe  
  60  8:54  Photon Cannon  
  60  8:55  Nexus, Photon Cannon  
  60  9:00  Probe  
  60  9:02  Photon Cannon  
  61  9:08  Pylon  
  61  9:25  Stargate  
  61  9:27  Stargate  
  61  9:42  Carrier  
  67  9:46  Tempest  
  67  9:51  Protoss Air Armor Level 1  
  67  9:52  Protoss Air Weapons Level 1  
  71  9:57  Pylon  
  71  9:58  Pylon  
  71  10:01  Pylon  
  71  10:12  Carrier  
  77  10:23  Carrier  
  83  10:39  Probe  
  84  10:44  Assimilator  
  84  10:47  Assimilator  
  84  10:49  Probe  
  85  10:51  Probe  
  86  10:59  Tempest x2  
  86  11:02  Probe  
  95  11:14  Probe  
  95  11:26  Probe  
Show
View Real Time Build Order
Export as new Build Order

Iceberg Protoss - Winner!

Build Orders: 1 Gate Expand 

Get SALT Encoding   

  1  0:00  Probe  
  12  0:06  Probe  
  14  0:15  Probe  
  15  0:22  Pylon  
  15  0:40  Probe  
  15  0:42  Gateway  
  16  0:52  Probe  
  16  0:54  Gateway  
  17  1:00  Probe  
  17  1:02  Assimilator  
  17  1:08  Probe  
  19  1:18  Probe  
  20  1:34  Nexus  
  20  1:40  Zealot  
  22  1:50  Probe  
  23  2:04  Pylon  
  23  2:07  Pylon  
  23  2:22  Probe, Zealot x2  
  28  2:27  Assimilator  
  28  2:28  Cybernetics Core  
  28  2:34  Probe  
  29  2:46  Probe x2  
  31  2:57  Zealot  
  31  2:58  Probe x2, Zealot  
  37  3:10  Probe x2  
  39  3:12  Warp Gate  
  39  3:18  Forge  
  39  3:21  Stalker  
  39  3:22  Probe  
  42  3:27  Stalker  
  44  3:37  Probe  
  44  3:38  Probe  
  46  3:48  Stalker  
  46  3:53  Protoss Ground Weapons Level 1  
  46  3:55  Pylon  
  48  3:57  Pylon  
  48  4:08  Photon Cannon  
  48  4:21  Gateway  
  48  4:23  Gateway  
  48  4:26  Gateway  
  48  4:32  Photon Cannon  
  48  4:39  Pylon  
  48  4:42  Photon Cannon  
  48  4:44  Stalker  
  48  4:46  Pylon  
  48  4:49  Probe  
  48  4:51  Probe  
  52  5:01  Probe  
  52  5:05  Photon Cannon  
  41  5:36  Stalker x4  
  41  5:37  Stalker  
  51  6:08  Stalker x2  
  51  6:09  Stalker  
  58  6:11  Probe x2  
  59  6:21  Assimilator  
  59  6:23  Assimilator, Probe x2  
  61  6:35  Probe x2  
  59  6:47  Probe x2  
  59  6:52  Stalker  
  61  6:54  Zealot x3  
  61  6:55  Zealot  
  69  7:07  Probe x2  
  71  7:10  Twilight Council  
  71  7:11  Twilight Council  
  71  7:15  Probe x2  
  71  7:21  Zealot  
  75  7:22  Zealot  
  75  7:23  Zealot x3, Probe x2  
  85  7:34  Probe  
  85  7:36  Protoss Shields Level 1  
  86  7:38  Blink  
  86  7:39  Charge  
  86  7:47  Pylon  
  86  7:49  Pylon  
  86  7:50  Pylon x2  
  86  7:51  Pylon  
  86  7:53  Pylon  
  86  8:03  Forge  
  86  8:06  Probe x2, Forge  
  88  8:13  Stalker x5  
  88  8:18  Probe x2  
  100  8:26  Templar Archives  
  100  8:29  Dark Shrine  
  100  8:30  Probe  
  101  8:37  Zealot  
  101  8:38  Zealot x4  
  111  8:53  Probe x2  
  113  8:58  Zealot x2  
  113  8:59  Zealot x3  
  123  9:05  Probe  
  124  9:10  Protoss Ground Weapons Level 2  
  124  9:16  Protoss Ground Armor Level 1  
  124  9:20  High Templar x2  
  124  9:21  High Templar x2  
  132  9:39  Archon x2  
  132  10:00  Probe x2  
  134  10:22  Pylon  
  134  10:23  Pylon  
  134  10:24  Nexus, Pylon  
  134  10:25  Pylon  
  134  10:26  Pylon  
  134  10:28  Pylon  
  134  10:34  Nexus  
  134  10:40  Probe x2  
  134  10:42  Pylon  
  136  10:56  Pylon  
  136  10:59  Pylon  
  136  11:01  Pylon  
  136  11:11  Pylon  
  136  11:14  Photon Cannon  
  136  11:16  Photon Cannon  
  136  11:21  Pylon  
  136  11:25  Pylon  
  114  11:54  Zealot x3  
  114  11:55  Zealot x2  
  116  12:19  Pylon  
Show
View Real Time Build Order
Export as new Build Order

Wlodziu Zerg - Winner!

Build Orders: Hatch First 

Get SALT Encoding   

  12  0:00  Drone  
  13  0:12  Overlord  
  13  0:18  Drone  
  14  0:31  Drone x2  
  14  0:35  Drone  
  17  0:54  Hatchery  
  16  0:57  Drone  
  16  1:01  Extractor, Drone  
  17  1:17  Drone, Spawning Pool  
  17  1:20  Drone  
  18  1:29  Drone  
  19  1:39  Overlord  
  19  1:56  Drone  
  20  2:11  Queen  
  20  2:12  Queen  
  20  2:14  Zergling x4  
  20  2:15  Zergling x2  
  27  2:17  Metabolic Boost  
  27  2:19  Drone  
  28  2:40  Drone x2  
  28  2:41  Overlord  
  28  2:42  Drone  
  31  2:54  Zergling x2  
  31  2:55  Zergling x4  
  34  2:58  Queen  
  36  3:12  Queen  
  36  3:15  Drone x3  
  41  3:45  Drone  
  41  3:46  Drone x2  
  44  4:00  Lair  
  44  4:09  Evolution Chamber  
  43  4:10  Evolution Chamber  
  43  4:13  Roach Warren  
  41  4:21  Drone  
  41  4:22  Drone x2  
  41  4:23  Overlord x2  
  44  4:25  Extractor  
  44  4:27  Extractor  
  44  4:30  Extractor  
  41  4:36  Zerg Missile Weapons Level 1  
  41  4:37  Zerg Ground Armor Level 1  
  41  4:59  Drone x3  
  45  5:00  Drone x2, Overlord x3  
  45  5:02  Drone x4  
  48  5:15  Roach  
  48  5:16  Roach x4  
  54  5:38  Roach  
  54  5:39  Roach x5  
  59  5:48  Roach  
  61  6:16  Roach x5  
  41  7:14  Roach  
  41  7:15  Roach x7  
  57  7:31  Spine Crawler  
  57  7:33  Spine Crawler  
  57  7:34  Spine Crawler  
  57  7:36  Zerg Missile Weapons Level 2  
  54  7:52  Drone  
  54  7:53  Drone x9  
  64  8:09  Zerg Ground Armor Level 2  
  64  8:37  Overseer x2  
  64  8:40  Pneumatized Carapace  
  64  8:50  Hydralisk Den  
  64  8:53  Drone x5  
  64  8:54  Drone x2  
  70  9:18  Roach x3  
  70  9:20  Overlord x2  
  70  9:21  Overlord  
  76  9:27  Muscular Augments  
  76  9:32  Spore Crawler  
  76  9:34  Zergling x4, Spore Crawler  
  76  10:01  Hydralisk  
  76  10:02  Hydralisk x10  
  97  10:18  Hydralisk  
  99  10:23  Overlord  
  99  10:31  Grooved Spines  
  99  10:47  Hatchery  
  98  10:51  Extractor  
  98  10:52  Extractor  
  96  10:58  Infestation Pit  
  95  11:10  Zergling x4  
  95  11:11  Zergling x20  
  73  11:33  Hydralisk x5  
  73  11:34  Hydralisk  
Tags
 
Add a new tag
Caveats
  • Supply blocks, unpowered buildings, or Contaminate may cause inaccurate times.
  • Supply counts are checked every 10 seconds.